 Dungeon Crawl Stone Soup version 0.31-a0-152-g6aa68a64a1 (webtiles) character file.

Game seed: 12965819249120850607

466 qw the Skirmisher (level 6, -6/53 HPs)
             Began as a Minotaur Hunter on June 9, 2023.
             Mangled by Duvessa
             ... wielding a +0 short sword
              (8 damage)
             ... on level 4 of the Dungeon.
             The game lasted 00:01:14 (3160 turns).

qw the Skirmisher (Minotaur Hunter)                 Turns: 3160, Time: 00:01:15

Health: -6/53      AC:  6    Str: 16    XL:     6   Next: 81%
Magic:  5/5        EV: 11    Int:  6    God:
Gold:   146        SH:  0    Dex: 15    Spells: 5/5 levels left

rFire   . . .        Y - +0 shortbow
rCold   . . .        (shield currently unavailable)
rNeg    . . .        g - +0 ring mail
rPois   .            (helmet restricted)
rElec   .            n - +0 cloak
rCorr   .            (no gloves)
SInv    .            (no boots)
Will    .....        d - amulet of the acrobat
Stlth   +            (no ring)
HPRegen 0.28/turn    (no ring)
MPRegen 0.09/turn

%: acrobat
@: no status effects
A: horns 2, retaliatory headbutt
a: no special abilities


You were on level 4 of the Dungeon.
You visited 1 branch of the dungeon, and saw 4 of its levels.

You collected 146 gold pieces.


Innate Abilities, Weirdness & Mutations

You have a pair of horns on your head.
You reflexively headbutt those who attack you in melee.


   Skills:
 + Level 4.7 Fighting
 - Level 8.1 Ranged Weapons
 - Level 1.0 Armour
 - Level 2.1 Dodging
 - Level 0.7 Stealth


You had 5 spell levels left.
You didn't know any spells.
Your spell library was empty.

Inventory:

Hand Weapons
 Y - a +0 shortbow (weapon)
Armour
 g - a +0 ring mail (worn)
 n - a +0 cloak (worn)
Jewellery
 d - an amulet of the acrobat (around neck)
 m - a ring of ice
 o - a +5 ring of evasion
Scrolls
 p - a scroll of enchant armour {unknown}
Potions
 a - a potion of magic {unknown}
 b - a potion of resistance {unknown}
 c - a potion of berserk rage {unknown}
 e - a potion of curing
 f - a potion of haste
 h - a potion of brilliance {unknown}
 i - a potion of degeneration {unknown}
 j - a potion of enlightenment {unknown}
 k - a potion of lignification {unknown}
 l - a potion of heal wounds {unknown}

Dungeon Overview and Level Annotations

Branches:
Dungeon (4/15)
 Temple: D:4-7

Altars:
Fedhas

Shops:
D:3 *

Annotations:
D:4 Dowan, Duvessa


Message History

Duvessa is moderately wounded.
Dowan closely misses you. Duvessa barely misses you.
Dowan hits you with a +1 dagger of speed.
You shoot an arrow. The arrow hits Duvessa!
Duvessa is heavily wounded.
Duvessa hits you but does no damage. Dowan barely misses you.
You shoot an arrow. The arrow hits Duvessa.
Duvessa is severely wounded.
Dowan hits you with a +1 dagger of speed.
Duvessa hits you with a +0 short sword!
Dowan casts a spell at Duvessa.
Duvessa seems to speed up.
You shoot an arrow. The arrow barely misses Duvessa.
Duvessa hits you with a +0 short sword. x2; Dowan misses you.
You shoot an arrow. The arrow closely misses Duvessa.
Duvessa hits you but does no damage. Dowan barely misses you.
Duvessa closely misses you. You furiously retaliate!
You headbutt Duvessa! Dowan barely misses you.
You shoot an arrow. The arrow hits Duvessa.
Duvessa is almost dead.
Duvessa barely misses you. Dowan casts a spell at you.
The puff of flame hits you.
You shoot an arrow. The arrow barely misses Duvessa.
Duvessa hits you but does no damage.
Dowan hits you with a +1 dagger of speed.
Duvessa hits you with a +0 short sword.
Dowan mumbles some strange words.
Dowan blinks!
You shoot an arrow. The arrow barely misses Duvessa.
Duvessa hits you with a +0 short sword. Duvessa hits you but does no damage.
You shoot an arrow.
The arrow hits Duvessa but does no damage.
Duvessa is almost dead.
Duvessa hits you with a +0 short sword.
You shoot an arrow.
The arrow hits Duvessa but does no damage.
Duvessa is almost dead.
Duvessa hits you with a +0 short sword!
You die...

## #. #.
#########
#.
.....e.e#
## #@# #
#.# # #.##
# #..#
######
##.#
#..... #.#
#.###.####
#.#
#.....>...
#.#
####..####
#.# #..# #


You could see Duvessa (fast) and Dowan.

Vanquished Creatures
  Sigmund (D:3)
  2 scorpions
  2 orc wizards (D:4)
  5 adders
  3 dart slugs (D:1)
  2 worms (D:3)
  5 orcs
  16 endoplasms
  3 giant cockroaches
  5 goblins
  5 hobgoblins
  3 jackals (D:2)
  3 quokkas
  3 ball pythons
  5 bats
  2 frilled lizards
  5 kobolds
  4 rats
74 creatures vanquished.

Notes
Turn   | Place    | Note
-------+----------+-------------------------------------------
     0 | D:1      | qw the Minotaur Hunter began the quest for the Orb.
     0 | D:1      | Reached XP level 1. HP: 18/18 MP: 0/0
     0 | D:1      | 0 ||| qw: Version: 0.2-a-121-gba3a3e5
     0 | D:1      | 0 ||| qw: Game counter: 3176
     0 | D:1      | 0 ||| qw: Always use a shield: true
     0 | D:1      | 0 ||| qw: God list: Okawaru
     0 | D:1      | 0 ||| qw: Allow faded altars: false
     0 | D:1      | 0 ||| qw: Do Orc after D:15 true
     0 | D:1      | 0 ||| qw: Do second Lair branch before Depths: true
     0 | D:1      | 0 ||| qw: Lair rune preference: random
     0 | D:1      | 0 ||| qw: Plans: Normal
     0 | D:1      | 0 ||| PLANNING D:1-11
    64 | D:1      | Found a faded altar of an unknown god.
   109 | D:1      | Reached XP level 2. HP: 25/25 MP: 1/1
   182 | D:1      | Reached skill level 5 in Ranged Weapons
   335 | D:1      | Reached skill level 3 in Fighting
   519 | D:1      | 519 ||| UPGRADING to +0 ring mail.
   529 | D:1      | 529 ||| DROPPING +0 leather armour.
   530 | D:1      | 530 ||| UPGRADING to amulet of the acrobat.
   535 | D:1      | 535 ||| READING scroll labelled OZETEU LATHRU.
   536 | D:1      | 536 ||| READING scroll labelled XOORUQ QONKURA.
   537 | D:1      | 537 ||| DRINKING 2 cyan potions.
   538 | D:1      | 538 ||| DROPPING scroll of butterflies.
   574 | D:2      | Reached skill level 1 in Armour
   664 | D:2      | Found a blossoming altar of Fedhas.
   692 | D:2      | Reached XP level 3. HP: 31/31 MP: 2/2
  1391 | D:2      | 1391 ||| READING scroll labelled UQOGOZ EPEMOU.
  1392 | D:2      | 1392 ||| READING scroll labelled RYBLIG BEQAXA.
  1456 | D:3      | Reached XP level 4. HP: 38/38 MP: 3/3
  1484 | D:3      | Noticed Sigmund
  1497 | D:3      | 1497 ||| FLEEEEING.
  1498 | D:3      | 1498 ||| FLEEEEING.
  1501 | D:3      | 1501 ||| FLEEEEING.
  1502 | D:3      | 1502 ||| FLEEEEING.
  1503 | D:3      | 1503 ||| FLEEEEING.
  1504 | D:3      | 1504 ||| FLEEEEING.
  1505 | D:3      | 1505 ||| FLEEEEING.
  1506 | D:3      | 1506 ||| FLEEEEING.
  1507 | D:3      | 1507 ||| FLEEEEING.
  1516 | D:3      | HP: 9/38 [Sigmund/+0 scythe (7)]
  1520 | D:3      | HP: 1/38 [Sigmund/+0 scythe (9)]
  1525 | D:3      | Killed Sigmund
  1526 | D:3      | Reached skill level 7 in Ranged Weapons
  1526 | D:3      | Reached XP level 5. HP: 4/45 MP: 4/4
  1800 | D:3      | Reached XP level 6. HP: 49/52 MP: 5/5
  1888 | D:3      | Found Jaopo's General Store.
  2106 | D:3      | Identified the +6 hand axe of the Shining Light {flame,
                  | +Blink rElec}
  2531 | D:3      | 2531 ||| UPGRADING to +0 cloak.
  2536 | D:3      | 2536 ||| DRINKING 2 golden potions.
  2557 | D:4      | Reached skill level 8 in Ranged Weapons
  2564 | D:4      | HP: 13/52 [poisoned by a scorpion]
  2755 | D:4      | 2755 ||| FLEEEEING.
  2756 | D:4      | 2756 ||| FLEEEEING.
  2757 | D:4      | 2757 ||| FLEEEEING.
  2758 | D:4      | 2758 ||| FLEEEEING.
  2765 | D:4      | 2765 ||| FLEEEEING.
  2766 | D:4      | 2766 ||| FLEEEEING.
  2767 | D:4      | 2767 ||| FLEEEEING.
  2768 | D:4      | 2768 ||| FLEEEEING.
  2769 | D:4      | 2769 ||| FLEEEEING.
  2770 | D:4      | 2770 ||| FLEEEEING.
  2771 | D:4      | 2771 ||| FLEEEEING.
  2772 | D:4      | 2772 ||| FLEEEEING.
  2778 | D:4      | 2778 ||| FLEEEEING.
  2779 | D:4      | 2779 ||| FLEEEEING.
  2780 | D:4      | 2780 ||| FLEEEEING.
  2781 | D:4      | 2781 ||| FLEEEEING.
  2782 | D:4      | 2782 ||| FLEEEEING.
  2783 | D:4      | 2783 ||| FLEEEEING.
  2784 | D:4      | 2784 ||| FLEEEEING.
  2790 | D:4      | 2790 ||| STAIRDANCE
  3143 | D:4      | Noticed Duvessa
  3143 | D:4      | Noticed Dowan
  3157 | D:4      | HP: 9/53 [Duvessa/+0 short sword (6)]
  3159 | D:4      | HP: 1/53 [Duvessa/+0 short sword (5)]
  3160 | D:4      | Mangled by Duvessa

Levels and vault maps discovered:
D:1:      nicolae_arrival_washed_ashore, layout_rooms,
          nicolae_ecumenical_lake_church
D:2:      layout_loops_ring, basic_altar, serial_bayou_ford_a, dk_vineyard_2,
          wander_ebering_terrifying_dragon_lair
D:3:      layout_basic, serial_shops, nicolae_shop_hallway_plus, uniq_sigmund
D:4:      layout_loops_ring, minmay_temple_entry_enclosed_plants, uniq_duvessa

Skill      XL: |  1  2  3  4  5  6 |
---------------+-------------------+-----
Ranged Weapons | 5 7 8 |  8.1
Fighting       | 3 4 |  4.7
Armour         | 1 |  1.0
Dodging        | |  2.1
Stealth        | |  0.7

Action                     |  1- 3 |  4- 6 || total
---------------------------+-------+-------++-------
   Fire: Shortbow          |    87 |   159 ||   246
    Use: Scroll            |     4 |       ||     4
         Potion            |     1 |     1 ||     2
 Armour: Ring mail         |    13 |    25 ||    38
  Dodge: Dodged            |    16 |    39 ||    55

Table legend:
 A = Non-vault XP
 B = Vault XP
 C = Vault XP percentage of total XP
 D = Non-vault monster count
 E = Vault monster count
 F = Vault count percentage of total count
                 A         B        C        D         E       F
            +---------+---------+-------+---------+---------+-------
      Total |     434 |     232 |  34.8 |      72 |       2 |   2.7
            +---------+---------+-------+---------+---------+-------
        D:1 |      30 |       0 |   0.0 |      14 |       0 |   0.0
        D:2 |      54 |       1 |   1.8 |      17 |       1 |   5.6
        D:3 |     165 |     231 |  58.3 |      24 |       1 |   4.0
        D:4 |     185 |       0 |   0.0 |      17 |       0 |   0.0
            +---------+---------+-------+---------+---------+-------
